details: 'no replays from highperch since patch fixed.. lol nerds (2)'

« prev index next »

General information

Mini Map

Players

team 1
Random» OrcGueef (yellow | 56 APM | 32 actions | 00:34)

» actions
Build / train5
Enter build submenu2
Right click10
Select / deselect13
Use ability2
32 total
» units
Peon3
Acolyte2
5 total
» buildings
Altar of Storms1
Orc Burrow1
2 total
» build order
00:07 Altar of Storms
00:11 Orc Burrow
Human007_Archer (red | 33 APM | 20 actions | 00:36)

» actions
Build / train2
Enter build submenu3
Right click5
Select / deselect7
Use ability3
20 total
» units
Peasant2
2 total
» buildings
Altar of Kings1
Farm1
Barracks1
3 total
» build order
00:11 Altar of Kings
00:17 Farm
00:19 Barracks
UndeadBlackSaab (purple | 0 APM | 0 actions | 00:18)
0» DA-SHEPHERD-5 (green | 2 APM | 3 actions | 01:26)

» actions
Select / deselect1
Use ability2
3 total
team 2
Random» OrcVampire_Lord (teal | 26 APM | 37 actions | 01:27)

» actions
Build / train5
Enter build submenu3
Right click11
Select / deselect15
Use ability3
37 total
» units
Peon5
5 total
» buildings
Orc Burrow1
Altar of Storms1
War Mill1
3 total
» build order
00:14 Orc Burrow
00:17 Altar of Storms
01:15 War Mill
NightElf1111112 (pink | 15 APM | 14 actions | 00:54)

» actions
Build / train3
Enter build submenu2
Right click2
Select / deselect5
Use ability2
14 total
» units
Wisp3
3 total
» buildings
Moon Well1
Altar of Elders1
2 total
» build order
00:11 Moon Well
00:15 Altar of Elders
OrcO_O)NUMBERZ (orange | 25 APM | 40 actions | 01:35)

» actions
Build / train4
Enter build submenu3
Right click15
Select / deselect14
Use ability4
40 total
» units
Peon4
4 total
» buildings
Altar of Storms1
Orc Burrow1
Barracks1
3 total
» build order
00:06 Altar of Storms
00:20 Orc Burrow
00:37 Barracks
Random» HumanSuperShamWoW (blue | 8 APM | 11 actions | 01:27)

» actions
Basic commands1
Build / train4
Select / deselect4
Use ability2
11 total
» units
Peasant4
4 total

Chat log

(00:02 / All) DA-SHEPHERD-5: sheeptime
(00:05 / Allies) SuperShamWoW: we win
(00:10 / All) O_O)NUMBERZ: dude
(00:13 / All) O_O)NUMBERZ: can i plz have that hack
(00:20 / All) DA-SHEPHERD-5: ok
(00:21 / All) O_O)NUMBERZ: green
(00:23 / All) DA-SHEPHERD-5: regedit
(00:25 / All) DA-SHEPHERD-5: hkcu
(00:28 / All) DA-SHEPHERD-5: software
(00:30 / All) 007_Archer: wow that sucks
(00:31 / All) DA-SHEPHERD-5: blizzard entertainment
(00:34 / All) DA-SHEPHERD-5: warcraft iii
(00:38 / All) DA-SHEPHERD-5: gameplay
(00:45 / All) DA-SHEPHERD-5: set dword 'ammrace' to hexadecimal 10
(00:48 / All) DA-SHEPHERD-5: voila
(00:52 / All) O_O)NUMBERZ: you sure
(00:55 / All) DA-SHEPHERD-5: search 4s and you're sheep
(00:58 / All) DA-SHEPHERD-5: yes i'm sure
(01:00 / All) DA-SHEPHERD-5: i did it
(01:10 / All) O_O)NUMBERZ: how to reverse
(01:10 / All) DA-SHEPHERD-5: you cool?
(01:13 / All) DA-SHEPHERD-5: lol
(01:16 / All) DA-SHEPHERD-5: you're a retard
(01:24 / All) DA-SHEPHERD-5: good luck performing simple tasks on a computer
(01:25 / All) DA-SHEPHERD-5: idiot